 Dungeon Crawl Stone Soup version 0.19.1 (webtiles) character file.

109 GrittyGramps the Ducker (level 4, -1/35 HPs)
             Began as a Minotaur Air Elementalist on Dec 12, 2016.
             Was an Initiate of Ashenzari.
             Killed from afar by an orc wizard (5 damage)
             ... with a magic dart
             ... on level 3 of the Dungeon on Dec 13, 2016.
             The game lasted 00:15:01 (2590 turns).

GrittyGramps the Ducker (Minotaur Air Elementalist) Turns: 2590, Time: 00:15:02

Health: -1/35      AC:  5    Str: 13    XL:     4   Next: 59%
Magic:  4/5        EV: 11    Int: 12    God:    Ashenzari [......]
Gold:   66         SH:  0    Dex: 11    Spells: 2 memorised, 2 levels left

rFire  . . .     SeeInvis .     a - +1 dagger (holy)
rCold  . . .     Gourm    .     j - +0 ring mail
rNeg   . . .     Faith    .     (no shield)
rPois  .         Spirit   .     (helmet restricted)
rElec  .         Reflect  .     (no cloak)
rCorr  .         Harm     .     (no gloves)
MR     .....                    (no boots)
Stlth  +.........               (no amulet)
                                (no ring)
                                k - ring of stealth

@: confused, flying
A: retaliatory headbutt, horns 2
a: Curse Item, Renounce Religion


You were on level 3 of the Dungeon.
You worshipped Ashenzari.
Ashenzari was noncommittal.
You were not hungry.

You visited 1 branch of the dungeon, and saw 3 of its levels.

You collected 66 gold pieces.

Inventory:

Hand Weapons
 a - a +1 dagger of holy wrath (weapon)
 i - a +0 short sword
Armour
 j - a +0 ring mail (worn)
Jewellery
 k - a ring of stealth (left hand)
Scrolls
 d - a scroll of enchant armour {unknown}
 g - 2 scrolls of fog {unknown}
 m - a scroll of enchant weapon {unknown}
 n - 2 scrolls of remove curse
 o - 2 scrolls of identify
 r - a scroll of fear {unknown}
Potions
 c - a potion of degeneration {unknown}
 f - a potion of ambrosia {unknown}
 h - a potion of magic {unknown}
 l - 2 potions of cancellation {unknown}
 p - a potion of flight
Books
 b - a book of Air

   Spells                             Type                      Level
   a - Shock                          Conjuration/Air              1
   b - Swiftness                      Charms/Air                   2
   c - Repel Missiles                 Charms/Air                   2
   d - Static Discharge               Conjuration/Air              3
   e - Lightning Bolt                 Conjuration/Air              5
 q - Kikubaaqudgha's Catalogue of Evil Secrets
   (You found it on level 2 of the Dungeon)

   Spells                             Type                      Level
   a - Animate Skeleton               Necromancy                   1


   Skills:
 * Level 1.4 Fighting
 * Level 1.3 Short Blades
 * Level 1.7 Armour
 * Level 2.7 Dodging
 + Level 1.5 Stealth
 - Level 0.4 Unarmed Combat
 + Level 1.5 Spellcasting
 * Level 1.3 Conjurations
 + Level 2.7 Air Magic


You had 2 spell levels left.
You knew the following spells:

 Your Spells              Type           Power        Failure   Level  Hunger
a - Shock                 Conj/Air       #...         30%         1    ##.....
b - Static Discharge      Conj/Air       #.......     86%         3    ####...


Dungeon Overview and Level Annotations

Branches:
Dungeon (3/15)

Altars:
Ashenzari
Dithmenos
Elyvilon
Kikubaaqudgha
Sif Muna
Vehumet


Innate Abilities, Weirdness & Mutations

You reflexively headbutt those who attack you in melee.
You have a pair of horns on your head.


Message History

The orc wizard is moderately wounded.
Something hits you.
* * * LOW HITPOINT WARNING * * *
The orc wizard barely misses you. You furiously retaliate!
You headbutt the orc wizard, but do no damage.
It was a potion of flight.
You feel very buoyant.
You fly up into the air.
You hear some strange, mumbled words.
A puff of flame appears from out of thin air!
The puff of flame hits you!
* * * LOW HITPOINT WARNING * * *
The orc wizard hits you but does no damage.
The orc wizard points at you and mumbles some strange words.
You are confused.
You're too confused to move!
You hear some strange, mumbled words.
A magic dart appears from out of thin air!
The magic dart hits you!
You die...

#...# #..... #...#
#.#### #...# ###.####
#...# #..<...# #...#
#....... #...# #.#.##..
########...######).))...
#.................###...
.......@..........# #...
.........=........###...
..######go.######.....##
#w..# ####.## ###.[>###
#.## #.).....# #..#
#.#...#.# ##.#
........#...#)# #.#
..w#........# # #.##


You could see a worm, an orc wizard and a hobgoblin.

Vanquished Creatures
  3 adders (D:2)
  3 oozes
  A worm (D:2)
  2 dart slugs (D:1)
  2 leopard geckos
  4 orcs (D:3)
  3 giant cockroaches
  8 goblins
  8 hobgoblins
  3 jackals (D:1)
  7 kobolds
  A quokka (D:3)
  3 bats
  3 frilled lizards
  3 rats (D:1)
54 creatures vanquished.

Notes
Turn   | Place    | Note
-------+----------+-------------------------------------------
     0 | D:1      | GrittyGramps the Minotaur Air Elementalist began the quest for the Orb.
     0 | D:1      | Reached XP level 1. HP: 14/14 MP: 1/1
   243 | D:1      | Reached XP level 2. HP: 16/20 MP: 0/3
   482 | D:1      | Reached skill level 1 in Conjurations
   531 | D:1      | Reached XP level 3. HP: 15/27 MP: 1/4
   540 | D:1      | Learned a level 3 spell: Static Discharge
  1044 | D:2      | Reached skill level 1 in Armour
  1081 | D:2      | Reached skill level 1 in Fighting
  1539 | D:2      | Found a shattered altar of Ashenzari.
  1547 | D:2      | Became a worshipper of Ashenzari the Shackled
  1593 | D:2      | Found an ancient bone altar of Kikubaaqudgha.
  1595 | D:2      | Found a deep blue altar of Sif Muna.
  1597 | D:2      | Found a radiant altar of Vehumet.
  1599 | D:2      | Identified Kikubaaqudgha's Catalogue of Evil Secrets
  1673 | D:2      | Reached skill level 1 in Short Blades
  1673 | D:2      | Reached XP level 4. HP: 35/35 MP: 3/5
  1778 | D:2      | Found a white marble altar of Elyvilon.
  1778 | D:2      | Found a shadowy altar of Dithmenos.
  2590 | D:3      | Killed from afar by an orc wizard

Skill      XL: |  1  2  3 |
---------------+----------+-----
Conjurations   | 1 |  1.3
Armour         | 1 |  1.7
Fighting       | 1 |  1.4
Short Blades   | 1 |  1.3
Dodging        | |  2.7
Stealth        | |  1.5
Unarmed Combat | |  0.4
Spellcasting   | |  1.5
Air Magic      | |  2.7

Action                   |  1- 3 |  4- 6 || total
-------------------------+-------+-------++-------
Melee: Unarmed           |     8 |       ||     8
       Short sword       |    15 |       ||    15
       Headbutt          |    14 |     9 ||    23
       Dagger            |    52 |    50 ||   102
 Cast: Shock             |    21 |    26 ||    47
  Use: Scroll            |     3 |       ||     3
       Potion            |       |     4 ||     4
  Eat: Bread ration      |     1 |       ||     1
       Meat ration       |       |     1 ||     1
Armor: Ring mail         |    35 |    17 ||    52
       Robe              |     2 |       ||     2
Dodge: Dodged            |    67 |    18 ||    85
